 Dungeon Crawl Stone Soup version 0.31.0-4-g52a2dc7128 (webtiles) character file.

Game seed: 9832654438198188071

39 shadowrider38 the Grave Robber (level 3, -4/16 HPs)
             Began as a Vine Stalker Necromancer on Jan 21, 2024.
             Slain by Grinder (5 damage)
             ... on level 3 of the Dungeon.
             The game lasted 00:01:44 (1134 turns).

shadowrider38 the Grave Robber (VSNe)               Turns: 1134, Time: 00:01:45

Health: -4/16      AC:  3    Str: 12    XL:     3   Next: 47%
Magic:  0/7        EV: 12    Int: 15    God:
Gold:   44         SH:  0    Dex: 14    Spells: 5/6 levels left

rFire   . . .        a - +0 short sword
rCold   . . .        (no shield)
rNeg    . . .        c - +0 robe
rPois   .            f - +0 hat
rElec   .            (no cloak)
rCorr   .            j - +0 pair of gloves
SInv    +            (no boots)
Will    .....        (no amulet)
Stlth   ++           s - ring of see invisible
HPRegen 1.02/turn    (no ring)
MPRegen 0.10/turn

%: guardian spirit
@: no status effects
A: fangs 2, regeneration 1, magic shield, antimagic bite, no potion heal 2
a: no special abilities


You were on level 3 of the Dungeon.
You visited 1 branch of the dungeon, and saw 3 of its levels.

You collected 44 gold pieces.

Inventory:

Hand Weapons
 a - a +0 short sword (weapon)
Armour
 c - a +0 robe (worn)
 f - a +0 hat (worn)
 j - a +0 pair of gloves (worn)
Jewellery
 s - a ring of see invisible (left hand)
Scrolls
 d - a scroll of poison {unknown}
 e - a scroll of enchant weapon {unknown}
 g - a scroll of enchant armour {unknown}
 h - a scroll of fear {unknown}
 i - a scroll of teleportation {unknown}
 k - a scroll of torment {unknown}
 l - a scroll of noise {unknown}


   Skills:
 + Level 2.7 Short Blades
 - Level 1.5 Dodging
 - Level 2.4 Stealth
 - Level 2.1 Spellcasting
 - Level 4.0 Necromancy


You had 5 spell levels left.
You knew the following spells:

 Your Spells              Type           Power      Damage    Failure   Level
a - Necrotise             Necr           52%        1d6       4%          1

Your spell library contained the following spells:

 Spells                   Type           Power      Damage    Failure   Level
 Vampiric Draining        Necr           13%        2d6       13%         3
 Apportation              Tloc           2%         N/A       22%         1
 Jinxbite                 Hex            2%         N/A       32%         2
 Animate Dead             Necr           13%        N/A       38%         4
 Curse of Agony           Necr           13%        N/A       75%         5
 Alistair's Intoxication  Alch           0%         N/A       99%         5


Dungeon Overview and Level Annotations

Branches:
Dungeon (3/15) Zot: 16875

Altars:

Shops:
D:1 (

Annotations:
D:1 exclusion: downstairs
D:2 Sigmund
D:3 Grinder


Innate Abilities, Weirdness & Mutations

You have extremely sharp teeth.
Your natural rate of healing is unusually fast.
When hurt, damage is shared between your health and your magic reserves.
Your bite disrupts and absorbs the magic of your enemies.
Potions cannot restore your health.


Message History

The endoplasm is heavily wounded.
You hit the endoplasm. You bite the endoplasm.
You kill the endoplasm!
Grinder gestures at you. Pain shoots through your body!
Ouch! That really hurt!
A jackal comes into view.
You closely miss Grinder.
The jackal barks!
You hear a bark!
Grinder closely misses you.
You hit Grinder but do no damage. Your bite misses Grinder.
Grinder gestures at you.
You suddenly lose the ability to move!
Grinder hits you.
You writhe in agony.
* * * LOW HITPOINT WARNING * * *
Grinder hits you.
* * * LOW HITPOINT WARNING * * *
The jackal bites you but does no damage.
The jackal bites you but does no damage.
Grinder blinks!
You can move again.
The jackal closely misses you.
Grinder blinks!
The jackal barely misses you.
Unknown command.
You hit the jackal but do no damage. The jackal closely misses you.
You closely miss the jackal. You bite the jackal, but do no damage.
The jackal bites you.
You hit the jackal.
The jackal is severely wounded.
The jackal bites you but does no damage.
You hit the jackal. Your bite misses the jackal.
The jackal is severely wounded.
The jackal bites you but does no damage.
You hit the jackal.
You kill the jackal!
You see here a jackal corpse.
Unknown command.
Magic courses through your body.
Grinder rolls her eyes.
You closely miss Grinder. Grinder hits you!
You writhe in agony.
You hit Grinder but do no damage. Grinder hits you.
* * * LOW HITPOINT WARNING * * *
You writhe in agony.
* * * LOW HITPOINT WARNING * * *
You hit Grinder.
Grinder is lightly wounded.
Grinder hits you.
* * * LOW HITPOINT WARNING * * *
You writhe in agony.
You die...
Grinder sighs, "Dead already?
I want a refund."

# #.#.###########.
................
###.#....@.#
##...#.####5##
#......####..#
#..........#......#
####..........######..
..............#
####...........#
...............#
.####...........+


You could see Grinder.

Vanquished Creatures
  3 dart slugs
  3 endoplasms
  A giant cockroach (D:1)
  2 goblins (D:1)
  4 hobgoblins
  3 jackals
  6 ball pythons
  2 bats (D:1)
  4 frilled lizards (D:1)
  3 kobolds (D:1)
  3 rats
34 creatures vanquished.

Notes
Turn   | Place    | Note
-------+----------+-------------------------------------------
     0 | D:1      | shadowrider38 the Vine Stalker Necromancer began the quest
                  | for the Orb.
     0 | D:1      | Reached XP level 1. HP: 9/9 MP: 4/4
   256 | D:1      | Reached XP level 2. HP: 13/13 MP: 1/6
   474 | D:1      | Found Sydas's Antique Weapon Boutique.
   775 | D:1      | You fall into a shaft and drop 1 floor!
   792 | D:2      | Reached XP level 3. HP: 16/16 MP: 7/7
   961 | D:2      | Noticed Sigmund
  1113 | D:3      | Noticed Grinder
  1120 | D:3      | Paralysed by Grinder for 3 turns
  1134 | D:3      | Slain by Grinder

Illustrated notes

Levels and vault maps discovered:
D:1:      spicycebolla_arrival_ecumenical, layout_basic, serial_shops, shop
D:2:      layout_loops_cross, serial_shops, shop_fountains, uniq_sigmund,
          uniq_crazy_yiuf_cottage
D:3:      layout_basic, lightli_temple_of_fire, minmay_distorted, uniq_grinder,
          uniq_jessica, uniq_ijyb

Skill      XL: |  1  2 |
---------------+-------+-----
Short Blades   | 1 2 |  2.7
Dodging        | |  1.5
Stealth        | |  2.4
Spellcasting   | |  2.1
Necromancy     | |  4.0

Action                     || total
---------------------------++-------
  Melee: Unarmed           ||     5
         Short sword       ||    85
         Bite              ||    25
   Cast: Necrotise         ||     8
    Use: Potion            ||     1
   Stab: Sleeping          ||     7
 Armour: Robe              ||    51
  Dodge: Dodged            ||    63
